Get step-by-step instructions on how to execute this build order below. Start the game timer, and the build order will tick by so you can play in parallel with StarCraft on a second screen or mobile device.

Game Time

  0:00

Last Step

  N/A

Next Step

Upcoming Step



Don't want to look back and forth between 2 screens? Try out our Overwolf App, the Spawning Tool Build Advisor to get an in-game overlay with this build!

Complete Build Order

  12  0:45  Pylon  
  12  1:03  Probe  
  12  1:16  Probe  
  12  1:28  Probe  
  12  1:40  Probe  
  12  1:52  Probe  
  12  2:04  Gateway  
  12  2:37  Gateway  
  12  2:51  Gateway  
  12  4:23  Pylon  
  12  4:44  Gateway  
  12  4:47  Gateway  
  12  4:59  Gateway